 Dungeon Crawl Stone Soup version 0.31.0-11-ge490571c62 (webtiles) character file.

Game seed: 7434008657305387564

1506 Gadfly the Insei (level 8, 0/60 HPs)
             Began as a Demonspawn Monk on Feb 2, 2024.
             Was an Initiate of Ru.
             Slain by Pikel
             ... wielding a +0 whip of freezing
              (1 damage)
             ... on level 6 of the Dungeon.
             The game lasted 00:08:31 (5698 turns).

Gadfly the Insei (Demonspawn Monk)                  Turns: 5698, Time: 00:08:32

Health: 0/60       AC:  6    Str: 13    XL:     8   Next: 52%
Magic:  8/8        EV: 16    Int: 12    God:    Ru [......]
Gold:   159        SH:  0    Dex: 15    Spells: 7/7 levels left

rFire   . .          .
                       - Unarmed
rCold   + . .        (no shield)
rNeg    . . .        j - +2 robe {Will+}
rPois   .            (no helmet)
rElec   .            h - +0 cloak
rCorr   .            (no gloves)
SInv    .            q - +0 pair of boots
Will    +....        (no amulet) Stlth
                     e - ring of protection from cold
HPRegen 0.30/turn    (no ring)
MPRegen 0.11/turn

%: no passive effects
@: no status effects
A: claws 2, repulsion field 1, demonic guardian 1, powered by death 1, no
stealth
a: Renounce Religion


You were on level 6 of the Dungeon.
You worshipped Ru.
Ru was noncommittal.
You visited 2 branches of the dungeon, and saw 7 of its levels.

You collected 191 gold pieces.
You spent 32 gold pieces at shops.

Inventory:

Hand Weapons
 b - a +3 quarterstaff of chaos
Armour
 c - an orb of light
 h - a +0 cloak (worn)
 j - a +2 robe of willpower (worn)
 k - a +2 robe of cold resistance
 q - a +0 pair of boots (worn)
Jewellery
 e - a ring of protection from cold (left claw)
 r - a +6 ring of dexterity
Talismans
 m - a serpent talisman
Wands
 n - a wand of iceblast (18)
Scrolls
 f - 2 scrolls of blinking
 g - 3 scrolls of fear
 l - a scroll of revelation
 s - a scroll of fog {unknown}
 t - a scroll of identify
Potions
 a - a potion of ambrosia
 d - 2 potions of curing
 i - 3 potions of heal wounds
 o - 2 potions of berserk rage {unknown}
 p - a potion of mutation {unknown}
 u - a potion of haste {unknown}


   Skills:
 + Level 4.0 Fighting
 * Level 5.1 Dodging
 * Level 5.8 Unarmed Combat
 + Level 4.4 Evocations
 * Level 4.3 Shapeshifting


You had 7 spell levels left.
You didn't know any spells.
Your spell library contained the following spells:

 Spells                   Type           Power      Damage    Failure   Level
 Apportation              Tloc           0%         N/A       32%         1
 Sandblast                Erth           0%         2d4       32%         1
 Jinxbite                 Hex            0%         N/A       45%         2
 Passwall                 Erth           0%         N/A       69%         3
 Stone Arrow              Conj/Erth      0%         3d7       69%         3
 Brom's Barrelling Bould  Conj/Erth      0%         2d3       97%         4
 Alistair's Intoxication  Alch           0%         N/A       100%        5
 Conjure Ball Lightning   Conj/Air       0%         3x3d6     100%        6
 Discord                  Hex            0%         N/A       100%        8
 Disjunction              Tloc           0%         N/A       100%        8


Dungeon Overview and Level Annotations

Branches:
Dungeon (6/15)             Temple (1/1) D:5

Altars:
Ashenzari
Cheibriados
Dithmenos
Fedhas
Gozag
Hepliaklqana
Kikubaaqudgha
Nemelex Xobeh
Okawaru
Ru
Sif Muna
Trog
Uskayaw
Vehumet
Wu Jian
Xom
Yredelemnul

Shops:
D:1 *   D:2 (

Annotations:
D:6 Pikel


Innate Abilities, Weirdness & Mutations

You have very sharp fingernails.
You are surrounded by a mild repulsion field. (EV +2)
A weak demonic guardian rushes to your aid.
You regenerate a little health from kills.
You cannot be stealthy.


Message History

You are too injured to fight recklessly!
You are too injured to fight recklessly!
Unknown command.
You closely miss Pikel.
Pikel is heavily wounded.
The lemure hits you but does no damage.
Pikel hits you with a +0 whip of freezing!
Pikel freezes you.
Your iron imp hits the lemure.
You scratch Pikel but do no damage. You claw Pikel!
Pikel is severely wounded.
The lemure hits your iron imp.
Pikel hits you with a +0 whip of freezing.
* * * LOW HITPOINT WARNING * * *
Pikel freezes you.
* * * LOW HITPOINT WARNING * * *
Your iron imp hits the lemure.
You scratch Pikel.
Pikel is severely wounded.
Pikel says, "You'll make a fine lemure."
Pikel hits you but does no damage. The lemure hits your iron imp.
Your iron imp dies!
Your iron imp disappears in a puff of smoke!
Unknown command.
Pikel attacks as he pursues you!
Pikel hits you with a +0 whip of freezing.
* * * LOW HITPOINT WARNING * * *
The lemure attacks as it pursues you! The lemure closely misses you.
Aiming: Iceblast
Press: ? - help, Shift-Dir - straight line
Okay, then.
The lemure attacks as it pursues you! The lemure misses you.
Aiming: Iceblast
Press: ? - help, Shift-Dir - straight line The mass of ice explodes!
The iceblast engulfs Pikel.
Pikel is almost dead.
Pikel hits you with a +0 whip of freezing!
* * * LOW HITPOINT WARNING * * *
Pikel freezes you.
You die...
Pikel says, "See you in Hell!"

.... .... ..# #
5W# # #.
#o####.##
##.###5.......
##.....5.....#
##.....K.#######
#......5@.......
#........#######
#)...........#
#.#
#........†.#.#
#.# #........#.#
#.# #........#.#
#.# #.#.#.####.#
#.# #.....# #
#.# #..##.#


You could see Pikel, 4 lemures, a phantom and an orc.

Vanquished Creatures
  Sigmund (D:5)
  A water moccasin (D:5)
  A black bear (D:4)
  An ice beast (D:6)
  2 ogres
  A bullfrog (D:6)
  A scorpion (D:5)
  A jelly (D:6)
  2 bombardier beetles (D:6)
  2 hounds
  2 orc priests
  2 sleepcaps
  4 iguanas
  Crazy Yiuf (D:2)
  4 orc wizards
  6 adders
  3 gnolls (D:3)
  2 white imps
  A ribbon worm (D:2)
  2 dart slugs (D:2)
  6 orcs
  3 ball pythons
  A bat (D:1)
  4 endoplasms
  2 giant cockroaches (D:1)
  6 goblins
  7 hobgoblins
  3 jackals (D:3)
  6 kobolds
  3 quokkas
  4 frilled lizards
  4 rats
89 creatures vanquished.

Vanquished Creatures (collateral kills)
  A hound (D:4)
  An orc priest (D:5)
  A gnoll (D:3)
  An adder (D:2)
  A ribbon worm (D:2)
  An orc (D:4)
  2 ball pythons
  A bat (D:2)
  A frilled lizard (D:2)
  A rat (D:2)
11 creatures vanquished.

Vanquished Creatures (others)
  A quokka (D:6)
1 creature vanquished.

Grand Total: 101 creatures vanquished

Notes
Turn   | Place    | Note
-------+----------+-------------------------------------------
     0 | D:1      | Gadfly the Demonspawn Monk began the quest for the Orb.
     0 | D:1      | Reached XP level 1. HP: 18/18 MP: 1/1
   420 | D:1      | Found a faded altar of an unknown god.
   450 | D:1      | Found Iteocaq's Assorted Antiques.
   482 | D:1      | Gained mutation: A weak demonic guardian rushes to your
                  | aid. [demonic ancestry]
   482 | D:1      | Reached XP level 2. HP: 24/24 MP: 2/2
   696 | D:1      | Bought a scroll labelled DUISHR VYRO for 17 gold pieces
   753 | D:2      | Reached skill level 1 in Evocations
   797 | D:2      | Found Veokhleke's Antique Weapon Emporium.
   907 | D:1      | Bought a green potion for 15 gold pieces
   980 | D:2      | Reached skill level 1 in Shapeshifting
   980 | D:2      | Reached XP level 3. HP: 4/29 MP: 3/3
  1468 | D:2      | Found a runed translucent door.
  1469 | D:2      | Noticed Crazy Yiuf
  1715 | D:2      | Killed Crazy Yiuf
  1716 | D:2      | Gained mutation: You have sharp fingernails. [demonic
                  | ancestry]
  1716 | D:2      | Reached XP level 4. HP: 17/35 MP: 4/4
  2104 | D:3      | Gained mutation: You are surrounded by a mild repulsion
                  | field. (EV +2) [demonic ancestry]
  2104 | D:3      | Reached XP level 5. HP: 9/41 MP: 5/5
  2369 | D:3      | Noticed an ogre
  2373 | D:3      | Killed an ogre
  3000 | D:4      | Gained mutation: You regenerate a little health from kills.
                  | [demonic ancestry]
  3000 | D:4      | Reached XP level 6. HP: 41/47 MP: 6/6
  3568 | D:4      | Gained mutation: You have very sharp fingernails. [demonic
                  | ancestry]
  3568 | D:4      | Reached XP level 7. HP: 27/52 MP: 7/7
  3905 | D:5      | Entered Level 5 of the Dungeon
  3937 | D:5      | Noticed Sigmund
  3951 | D:5      | Found a broken altar of Ashenzari.
  3971 | D:5      | Killed Sigmund
  4141 | D:5      | Reached skill level 5 in Unarmed Combat
  4392 | D:5      | Reached XP level 8. HP: 54/58 MP: 8/8
  4442 | D:5      | Found a staircase to the Ecumenical Temple.
  4540 | Temple   | Entered the Ecumenical Temple
  4612 | Temple   | Became a worshipper of Ru the Awakened
  4614 | Temple   | Gained mutation: You cannot be stealthy. [Ru sacrifice]
  5267 | D:6      | Found a basalt altar of Yredelemnul.
  5624 | D:6      | Reached skill level 5 in Dodging
  5679 | D:6      | Noticed Pikel
  5698 | D:6      | HP: 1/60 [Pikel/+0 whip of freezing (8)]
  5698 | D:6      | Slain by Pikel

Illustrated notes

Levels and vault maps discovered:
D:1:      giann_bridges, layout_basic, serial_shops, nicolae_shop_tiny_glass,
          shapermc_ecumenical_altar_flowoftime, chequers_serial_rivers_large_b
D:2:      layout_rooms, serial_rivers, chequers_serial_rivers_micro_e,
          chequers_serial_rivers_room_b, chequers_serial_rivers_small_b,
          chequers_serial_rivers_micro_a, chequers_serial_rivers_small_3,
          serial_shops, nicolae_shop_behind_doors, uniq_crazy_yiuf_cottage
D:3:      layout_basic, nrook_campfire, minmay_misc_feat_enclosed,
          guppyfry_early_lair_pool
D:4:      layout_layer_cave
D:5:      layout_loops_cross, mainiacjoe_overflow_alcove_2,
          minmay_temple_entry_proselytizer, minmay_door_square,
          nicolae_concentric_dashed_squares_wild, hangedman_decor_peaks_small,
          uniq_sigmund
D:6:      layout_loops_ring, mainiacjoe_overflow_tiny_flanked, elyvilon_altar_4,
          uniq_pikel
Temple:   minmay_temple_bridge_d

Skill      XL: |  1  2  3  4  5  6  7  8 |
---------------+-------------------------+-----
Unarmed Combat | 3 4 5 |  5.8
Evocations     | 1 2 3 4 |  4.4
Shapeshifting  | 1 2 3 4 |  4.3
Dodging        | 3 4 5 |  5.1
Fighting       | 4 |  4.0

Action                     |  1- 3 |  4- 6 |  7- 9 || total
---------------------------+-------+-------+-------++-------
  Melee: Unarmed           |   117 |    96 |   146 ||   359
         Quarterstaff      |       |    33 |       ||    33
         Punch             |       |     2 |    12 ||    14
 Invoke: Sacrifice Stealth |       |       |     1 ||     1
  Evoke: Wand              |       |       |     3 ||     3
    Use: Scroll            |     6 |     4 |       ||    10
         Potion            |     1 |       |     1 ||     2
   Stab: Sleeping          |       |     1 |       ||     1
 Armour: Robe              |    49 |    92 |    68 ||   209
  Dodge: Dodged            |    68 |   111 |    78 ||   257
